 Dungeon Crawl Stone Soup version 0.29-a0-775-g4d7333d4e2 (webtiles) character file.

Game seed: 294335733585184976

114 frimble the Shooter (level 4, -1/40 HPs)
             Began as a Minotaur Hunter on July 2, 2022.
             Killed by an exploding adder (35 damage)
             ... ignited by their inner flame
             ... on level 4 of the Dungeon.
             The game lasted 00:03:10 (2129 turns).

frimble the Shooter (Minotaur Hunter)               Turns: 2129, Time: 00:03:11

Health: -1/40      AC:  7    Str: 16    XL:     4   Next: 67%
Magic:  3/3        EV: 11    Int:  8    God:
Gold:   92         SH:  0    Dex: 13    Spells: 3/3 levels left

rFire   . . .      SeeInvis .   a - +0 shortbow
rCold   . . .      Faith    .   (shield currently unavailable)
rNeg    . . .      Spirit   .   j - +2 ring mail {rPois}
rPois   +          Reflect  .   (helmet restricted)
rElec   .          Harm     .   (no cloak)
rCorr   .          Rampage  .   (no gloves)
Will    .....                   (no boots)
Stlth   +.........              (no amulet)
HPRegen 0.13/turn               (no ring)
MPRegen 0.08/turn               (no ring)

@: no status effects
A: horns 2, retaliatory headbutt
a: no special abilities


You were on level 4 of the Dungeon.
You visited 1 branch of the dungeon, and saw 4 of its levels.

You collected 92 gold pieces.

Inventory:

Hand Weapons
 a - a +0 shortbow (weapon)
 l - a +1 dagger of venom
 o - a +0 hand axe
Missiles
 q - 3 boomerangs
Armour
 j - a +2 ring mail of poison resistance (worn)
Scrolls
 c - 2 scrolls of enchant armour {unknown}
 d - 4 scrolls of enchant weapon {unknown}
 e - a scroll of fear {unknown}
 f - 3 scrolls of identify {unknown}
 k - a scroll of teleportation {unknown}
 m - a scroll of amnesia {unknown}
 p - a scroll of noise {unknown}
 r - a scroll of vulnerability {unknown}
Potions
 g - 2 potions of haste {unknown}
 h - 2 potions of degeneration {unknown}
 i - a potion of curing {unknown}
 n - a potion of heal wounds {unknown}
 s - 2 potions of brilliance {unknown}


   Skills:
 + Level 3.8 Fighting
 + Level 1.2 Axes
 - Level 4.7 Ranged Weapons
 + Level 0.0 Throwing
 + Level 1.2 Armour
 - Level 3.0 Dodging
 - Level 2.0 Stealth


You had 3 spell levels left.
You didn't know any spells.
Your spell library was empty.

Dungeon Overview and Level Annotations

Branches:
Dungeon (4/15)
 Temple: D:4-7

Altars:
Hepliaklqana

Annotations:
D:3 Grinder


Innate Abilities, Weirdness & Mutations

You have a pair of horns on your head.
You reflexively headbutt those who attack you in melee.


Message History

Things that are here:
a +0 short sword; 5 stones
Found a leather armour.
A gnoll comes into view. It is wielding a +0 spear.
The gnoll shouts!
You shoot an arrow. The arrow closely misses the gnoll.
An adder comes into view.
You shoot an arrow. The arrow barely misses the gnoll.
A gnoll comes into view. It is wielding a +0 halberd.
The gnoll shouts!
You shoot an arrow. The arrow barely misses the adder.
The arrow hits the gnoll.
The gnoll is heavily wounded.
The adder misses you.
You shoot an arrow. The arrow barely misses the adder.
The arrow hits the gnoll but does no damage.
The gnoll is heavily wounded.
The adder bites you but does no damage. The adder closely misses you.
You shoot an arrow. The arrow hits the adder.
The adder is lightly wounded.
The gnoll hits you but does no damage. The adder bites you.
You aren't carrying any items that you can evoke.
Okay, then.
Unknown command.
Really read the scroll of immolation?
As you read the scroll of immolation, it crumbles to dust.
The creatures around you are filled with an inner flame!
The adder misses you. The gnoll hits you but does no damage.
The adder barely misses you.
Fire: a) +0 shortbow
Press: ? - help, Q - select action, (/) - cycle Shift-Dir - straight line, f/p - adder
Aim: an adder (lightly wounded, inner flame)
You shoot an arrow. The arrow hits the adder.
Flame seeps out of the adder.
The adder is severely wounded.
The gnoll hits you from afar with a +0 spear.
The adder is engulfed in blazing flames.
The adder explodes!
The fiery explosion engulfs you!!
Ouch! That really hurt!
You die...

####.# ###.....#
#.......# #....g..#
#........ #.....#
#.....# #
#########.....# #
##.[.@○gg..#.########
#.#....#####.# #......#
#......# #...#.####.##
#......#########........
#.................###.##
##.....##...........#...
#.....##...........#.##
#.....##)..........###
#.##############.......


You could see 2 gnolls.

Vanquished Creatures
  An orc wizard (D:3)
  3 adders
  2 worms
  A dart slug (D:1)
  3 orcs (D:3)
  5 bats
  12 endoplasms
  7 giant cockroaches
  3 goblins (D:1)
  A hobgoblin (D:2)
  4 jackals (D:2)
  A quokka (D:1)
  6 ball pythons
  4 frilled lizards
  4 kobolds
  2 rats (D:2)
59 creatures vanquished.

Notes
Turn   | Place    | Note
-------+----------+-------------------------------------------
     0 | D:1      | frimble the Minotaur Hunter began the quest for the Orb.
     0 | D:1      | Reached XP level 1. HP: 18/18 MP: 0/0
    19 | D:1      | Reached skill level 1 in Stealth
    49 | D:1      | Reached XP level 2. HP: 25/25 MP: 1/1
   383 | D:1      | Reached XP level 3. HP: 30/30 MP: 2/2
   679 | D:2      | Found a faded altar of an unknown god.
  1194 | D:2      | Found a hazy altar of Hepliaklqana.
  1194 | D:2      | Found the +2 cloak of the Thief {*Fog Slay-2 SInv Stlth+}
  1322 | D:2      | Reached XP level 4. HP: 38/38 MP: 3/3
  1909 | D:3      | Reached skill level 1 in Axes
  1909 | D:3      | Reached skill level 1 in Armour
  2048 | D:3      | Noticed Grinder
  2048 | D:3      | Paralysed by Grinder for 3 turns
  2129 | D:4      | Killed by an exploding adder... ignited by their inner
                  | flame

Illustrated notes

Levels and vault maps discovered:
D:1:      minmay_arrival_up_and_down, layout_rooms, minmay_stone_trees_small,
          chequers_serial_rivers_small_b, minmay_worlds_worst_comb
D:2:      layout_basic, hellmonk_ecumenical_altar_lost_god, basic_altar,
          grunt_ministairs_6
D:3:      layout_loops_ring, mainiacjoe_overflow_catch_the_wave, uniq_robin,
          uniq_grinder
D:4:      layout_basic, nicolae_gozag_cash_rules_everything_around_me,
          minmay_box_of_dots, uniq_natasha

Skill      XL: |  1  2  3  4 |
---------------+-------------+-----
Stealth        | 1 2 |  2.0
Fighting       | 3 |  3.8
Dodging        | 3 |  3.0
Axes           | 1 |  1.2
Armour         | 1 |  1.2
Ranged Weapons | |  4.7

Action                   |  1- 3 |  4- 6 || total
-------------------------+-------+-------++-------
Melee: Dagger            |     6 |     9 ||    15
       Headbutt          |     1 |     1 ||     2
       Hand axe          |       |     7 ||     7
       Punch             |       |     1 ||     1
 Fire: Shortbow          |   111 |    24 ||   135
  Use: Scroll            |       |     1 ||     1
 Stab: Sleeping          |       |     2 ||     2
Armor: Leather armour    |     6 |       ||     6
       Ring mail         |     4 |     8 ||    12
Dodge: Dodged            |    26 |    12 ||    38

Table legend: (Time is in decaauts)
 A = Elapsed time spent in this place.
 B = Non-inter-level travel time spent in this place.
 C = Inter-level travel time spent in this place.
 D = Time resting spent in this place.
 E = Time spent auto-exploring this place.
 F = Levels seen in this place.
 G = Mean time per level.
                   A        B        C        D        E       F      G
               +--------+--------+--------+--------+--------+-----+--------+
         Total |   2177 |   2016 |    161 |     99 |   1549 |   4 |  544.2 |
       Dungeon |   2177 |   2016 |    161 |     99 |   1549 |   4 |  544.2 |
               +--------+--------+--------+--------+--------+-----+--------+

Top non-repeatable levels by time:
     D:2: 1211 daAuts
     D:1: 686 daAuts
     D:3: 209 daAuts
     D:4: 69 daAuts
